 Dungeon Crawl Stone Soup version 0.24-a0-235-g3f03afc (webtiles) character file.

Game seed: 4961629803846099954

131 xeno23 the Sneak (level 5, -2/34 HPs)
             Began as an Octopode Assassin on Apr 7, 2019.
             Killed from afar by an orc wizard (12 damage)
             ... with a puff of flame
             ... on level 3 of the Dungeon.
             The game lasted 00:04:05 (1448 turns).

xeno23 the Sneak (Octopode Assassin)                Turns: 1448, Time: 00:04:06

Health: -2/34      AC:  1    Str: 11    XL:     5   Next: 14%
Magic:  5/5        EV: 13    Int: 16    God:
Gold:   168        SH:  0    Dex: 14    Spells: 4/4 levels left

rFire    . . .     SeeInvis .   a - +3 dagger
rCold    . . .     Gourm    .   (no shield)
rNeg     . . .     Faith    .   (helmet restricted)
rPois    .         Spirit   .   (no amulet)
rElec    .         Reflect  .   j - +3 ring of intelligence
rCorr    .         Harm     .   (no ring)
MR       .....                  (no ring)
Stlth    ++++......             (no ring)
HPRegen  0.11/turn              (no ring)
MPRegen  0.09/turn              (no ring)
                                (no ring)
                                (no ring)

@: flying
A: almost no armour, stealthy swim, amphibious, 8 rings, constrict 8, camouflage
1, gelatinous body 1
a: no special abilities


You were on level 3 of the Dungeon.
You were not hungry.

You visited 1 branch of the dungeon, and saw 3 of its levels.

You collected 168 gold pieces.

Inventory:

Hand Weapons
 a - a +3 dagger (weapon)
 b - a +0 blowgun
Missiles
 c - 8 poisoned needles
 d - 2 curare-tipped needles
Jewellery
 j - a +3 ring of intelligence (left tentacle)
Scrolls
 h - 2 scrolls of enchant weapon
 i - a scroll of random uselessness {unknown}
 l - a scroll of enchant armour {unknown}
 m - a scroll of remove curse {unknown}
 o - a scroll of identify {unknown}
Potions
 e - a potion of degeneration {unknown}
 g - a potion of magic
 k - a potion of flight
 n - a potion of curing
 q - a potion of mutation {unknown}
Comestibles
 f - 7 rations
 p - 3 chunks of flesh


   Skills:
 - Level 2.1 Fighting
 * Level 4.0 Short Blades
 - Level 2.0 Throwing
 - Level 1.0 Dodging
 + Level 7.0 Stealth


You had 4 spell levels left.
You didn't know any spells.
Your spell library was empty.

Dungeon Overview and Level Annotations

Branches:
Dungeon (3/15)

Altars:
Ashenzari
Gozag
Makhleb
Qazlal


Innate Abilities, Weirdness & Mutations

You cannot wear most types of armour.
You are very stealthy in the water. (Stealth+)
You are amphibious.
You can wear up to eight rings at the same time.
You can use your tentacles to constrict eight enemies at once.
Your skin changes colour to match your surroundings (Stealth+).
Your rubbery body absorbs attacks. (AC +1, EV +1)


Message History

* * * LOW HITPOINT WARNING * * *
You take 7 damage.
It was a potion of magic.
Magic courses through your body.
You hear some strange, mumbled words.
You are confused.
It was a potion of flight.
You feel very buoyant.
You fly up into the air.
Something barely misses you.
It was a potion of curing.
You feel better.
The orc wizard casts a spell.
The orc wizard flickers and vanishes!
Something hits you.
* * * LOW HITPOINT WARNING * * *
Okay, then.
Unknown command.
You hear some strange, mumbled words.
Something tries to affect you, but you resist.
You hear some strange, mumbled words.
A puff of flame appears from out of thin air!
The puff of flame hits you!
You die...

..# . ... ..####.#.## #
.#.....#.. ..
####...##...[# .#
#.....##.. #)# .# #....#
#.# #.# .# ##†...###.#
#.#..#
#####....##...###...#
...<...........@...###
#####....##.............
#####....#...####..#....
##...........######...#...
...........##.........# ##
.#.........##.........#
....#..†...#.........#
..#.##..###.#.........#
>...)...#
#...........######


There were no monsters in sight!

Vanquished Creatures
  An orc priest (D:3)
  4 adders
  2 worms
  3 leopard geckos
  2 orcs (D:3)
  4 ball pythons (D:1)
  9 hobgoblins
  4 jackals (D:2)
  7 kobolds
  6 bats
  3 frilled lizards
  6 goblins
  8 rats
59 creatures vanquished.

Notes
Turn   | Place    | Note
-------+----------+-------------------------------------------
     0 | D:1      | xeno23 the Octopode Assassin began the quest for the Orb.
     0 | D:1      | Reached XP level 1. HP: 14/14 MP: 1/1
    43 | D:1      | Reached XP level 2. HP: 19/19 MP: 2/2
   167 | D:1      | Reached skill level 6 in Stealth
   373 | D:1      | Reached XP level 3. HP: 17/24 MP: 3/3
   863 | D:2      | Reached XP level 4. HP: 29/29 MP: 4/4
   902 | D:2      | Found a burning altar of Makhleb.
  1321 | D:3      | Found an opulent altar of Gozag.
  1344 | D:3      | Found a shattered altar of Ashenzari.
  1346 | D:3      | Found a stormy altar of Qazlal.
  1432 | D:3      | Reached skill level 7 in Stealth
  1432 | D:3      | Reached XP level 5. HP: 28/34 MP: 5/5
  1448 | D:3      | Killed from afar by an orc wizard

Levels and vault maps discovered:
D:1:      giann_bridges, layout_basic
D:2:      layout_rooms, lemuel_round_altar, minmay_tiny_reverse_x
D:3:      layout_rooms, minitemple, nicolae_overflow_hidden_temple,
          elyvilon_altar_1, nicolae_gozag_cash_rules_everything_around_me,
          uniq_jessica

Skill      XL: |  1  2  3  4 |
---------------+-------------+-----
Stealth        | 6 7 |  7.0
Short Blades   | 3 4 |  4.0
Fighting       | |  2.1
Throwing       | |  2.0
Dodging        | |  1.0

Action                   |  1- 3 |  4- 6 || total
-------------------------+-------+-------++-------
Melee: Dagger            |    56 |    45 ||   101
       Constrict         |    13 |     9 ||    22
       Tentacles         |     9 |     7 ||    16
  Use: Scroll            |       |     1 ||     1
       Potion            |       |     3 ||     3
 Stab: Sleeping          |    21 |     5 ||    26
  Eat: Chunk             |       |     2 ||     2
Armor: Skin              |     2 |     2 ||     4
Dodge: Dodged            |    16 |    24 ||    40

Table legend:
 A = Non-vault XP
 B = Vault XP
 C = Vault XP percentage of total XP
 D = Non-vault monster count
 E = Vault monster count
 F = Vault count percentage of total count
                 A         B        C        D         E       F
            +---------+---------+-------+---------+---------+-------
      Total |     184 |       4 |   2.1 |      57 |       2 |   3.4
            +---------+---------+-------+---------+---------+-------
        D:1 |      43 |       0 |   0.0 |      26 |       0 |   0.0
        D:2 |      69 |       4 |   5.5 |      21 |       2 |   8.7
        D:3 |      72 |       0 |   0.0 |      10 |       0 |   0.0
            +---------+---------+-------+---------+---------+-------
